 BcadrenCrawl: Boulder Brew version 0.04.2-15-ge27eb88979 (webtiles) character file.

Game seed: 13533041218484704967, levelgen mode: deterministic

1011 gruber the Cleaver (level 8, -2/59 HPs) Hill Orc Demonspawn. Began on May 15, 2021. Slain by a crocodile (16 damage) ... on level 2 of the Dungeon. The game lasted 00:05:06 (1691 turns).

gruber the Cleaver (Hill Orc Demonspawn)            Turns: 1691, Time: 00:05:07

Health: -2/59      AC:  4    Str: 19    XL:     8 ^: 908
Magic:  0/10       EV: 12    Int: 12    God:
Gold:   69         SH:  3    Dex: 10    Spells: 3/9 levels left

rFire    . . .     Vision   .   a - +0 war axe
rCold    . . .     Gourm    .   i - +0 buckler
rNeg     . . .     Faith    .   b - +0 troll leather {Purgy}
rPois    .         Spirit   +   (helmet restricted)
rElec    .         Reflect  .   (no cloak)
rCorr    .         Harm     .   (no gloves)
MR       .....                  (no boots)
Stlth    +.........             (no amulet)
HPRegen  0.69/turn              (no ring)
MPRegen  0.40/turn              (no ring)

@: no status effects
A: antennae 1, magic shield, magic regeneration, rot immunity
a: no special abilities


You were on level 2 of the Dungeon.
You were not hungry.

You visited 1 branch of the dungeon, and saw 2 of its levels.

You collected 69 gold pieces.

Inventory:

Weapons
 a - a +0 war axe (weapon) Shields
 i - a +0 buckler (shield)
Armour
 b - a +0 troll leather (worn) {Purgy}
Scrolls
 e - 2 scrolls of enchantment
 h - a scroll of fog
Potions
 c - a potion of cancellation
 f - 2 potions of heal wounds
 g - a potion of haste
 j - a potion of brilliance
 l - a potion of berserk rage
Comestibles
 d - 5 rations
 k - 3 chunks of flesh


   Skills:
 - Level 1.2 Fighting
 * Level 9.5 Axes & Hammers
 - Level 2.4 Dodging
 - Level 1.5 Stealth
 - Level 5.0 Shields
 - Level 1.0 Spellcasting
 - Level 2.1 Fire Magic
   Level 3.6 Invocations


You had 3 spell levels left.
You knew the following spells:

 Your Spells              Type           Power        Failure   Level  Hunger
a - Flame Tongue          Fire           5 (30)       13%         1    ##.....
b - Blink                 Tloc           N/A          43%         2    ###....
c - Mephitic Cloud        Pois/Air       0 (100)      67%         3    ####...

Your spell library contained the following spells:

 Spells                   Type           Power        Failure   Level  Hunger
 Conjure Flame            Fire           5 (100)      36%         3    ####...
 Call Imp                 Summ           0 (100)      43%         2    ###....
 Slow                     Hex            0 (100)      43%         2    ###....


Dungeon Overview and Level Annotations

Branches:
Dungeon (2/8)

Altars:
Wu Jian
Zin

Shops:
D:2 =


Innate Abilities, Weirdness & Mutations

You have a pair of small antennae on your head.
When hurt, damage is shared between your health and your magic reserves.
You regenerate magic rapidly.
You are immune to rotting.


Message History

You block the adder's attack.
Unknown command.
You barely miss the crocodile. You closely miss the adder.
The crocodile bites you (7)!
* * * LOW HITPOINT WARNING * * *
The adder closely misses you (0).
Unknown command.
Unknown command.
You feel much better. The crocodile bites you (17)!
* * * LOW HITPOINT WARNING * * *
The adder barely misses you (0). The sewer rat closely misses you (0).
Unknown command.
Unknown command.
You slash the crocodile (9)!
The crocodile is severely wounded. (11/28) HP You hit the adder (1).
You kill the adder!
You hear a splash.
You hit the sewer rat (1). The crocodile bites you (18)!!
You die...

## ### ## #≈. ≈≈##
#≈## #.≈##≈.≈##
.r.# #≈≈.@†#...##
.r≈ ##.rt###.≈.##
.≈#
#≈.....###..###≈≈#
#≈≈##≈.r≈#.≈≈≈#.≈#
#..#.....†.......#
#≈.##[......#..≈≈#
##
#..<....$††##≈###
#.........#####≈#
##.≈≈.....≈#≈#≈≈#


You could see a crocodile and a sewer rat.

Vanquished Creatures
  Purgy (D:2)
  A crocodile (D:1)
  5 jellies (D:2)
  6 giant cockroaches
  6 adders (D:2)
  45 sewer rats (D:2)
  6 cinder newts
  2 worms (D:2)
  3 oozes (D:2)
  2 adder skeletons (D:2)
  5 goblins (D:1)
  5 hobgoblins (D:1)
  3 kobolds (D:1)
  5 ball pythons
  A ball python skeleton (D:2)
  9 bats
  2 bat skeletons (D:2)
  7 rats
  5 withered plants (D:2)
119 creatures vanquished.

Vanquished Creatures (others)
  3 sewer rats (D:2)
  A bat skeleton (D:2)
  A giant blowfly (D:2)
  A slimehead (D:2)
  78 withered plants (D:2)
84 creatures vanquished.

Grand Total: 203 creatures vanquished

Notes
Turn   | Place    | Note
-------+----------+-------------------------------------------
     0 | D:1      | gruber the Hill Orc Demonspawn began the quest for the Orb.
     0 | D:1      | Reached XP level 1. HP: 16/16 MP: 3/3
     6 | D:1      | Reached skill level 3 in Axes & Hammers
     6 | D:1      | Gained mutation: When hurt, damage is shared between your
                  | health and your magic reserves. [demonic ancestry]
     6 | D:1      | Reached XP level 2. HP: 23/23 MP: 4/4
    24 | D:1      | Reached skill level 4 in Axes & Hammers
    25 | D:1      | Reached XP level 3. HP: 28/28 MP: 5/5
   200 | D:1      | Reached skill level 5 in Axes & Hammers
   215 | D:1      | Gained mutation: You have a pair of small antennae on your
                  | head. [demonic ancestry]
   215 | D:1      | Reached XP level 4. HP: 35/35 MP: 6/6
   710 | D:2      | Noticed a crocodile
   710 | D:2      | Noticed a crocodile
   720 | D:1      | Killed a crocodile
   720 | D:1      | Reached XP level 5. HP: 3/40 MP: 1/7
   965 | D:2      | Gained mutation: You regenerate magic rapidly. [demonic
                  | ancestry]
   965 | D:2      | Reached XP level 6. HP: 44/47 MP: 8/8
  1088 | D:2      | Found a glowing silver altar of Zin.
  1104 | D:2      | Reached skill level 5 in Shields
  1143 | D:2      | Reached skill level 6 in Axes & Hammers
  1197 | D:2      | Gained mutation: You are immune to rotting. [demonic
                  | ancestry]
  1197 | D:2      | Reached XP level 7. HP: 33/52 MP: 9/9
  1204 | D:2      | Learned a level 2 spell: Blink
  1208 | D:2      | Learned a level 3 spell: Mephitic Cloud
  1230 | D:2      | Reached skill level 7 in Axes & Hammers
  1271 | D:2      | Found Nymem's Jewellery Shop.
  1412 | D:2      | Reached skill level 8 in Axes & Hammers
  1564 | D:2      | Found an ornate altar of the Wu Jian Council.
  1573 | D:2      | Noticed Purgy
  1579 | D:2      | Killed Purgy
  1579 | D:2      | Reached XP level 8. HP: 48/59 MP: 8/10
  1601 | D:2      | Reached skill level 9 in Axes & Hammers
  1691 | D:2      | Slain by a crocodile

Levels and vault maps discovered:
D:1:      dpeg_arrival_simpleton_c, layout_loops_ring, first_ration
D:2:      layout_sewer, old_standard_altar, lemuel_crystal_altar,
          sewer_frog_spiral, serial_shops, kennysheep_mini, uniq_purgy

Skill      XL: |  1  2  3  4  5  6  7  8 |
---------------+-------------------------+-----
Axes & Hammers | 3 4 5 6 8 9 |  9.5
Shields        | 2 3 5 |  5.0
Fighting       | |  1.2
Dodging        | |  2.4
Stealth        | |  1.5
Spellcasting   | |  1.0
Fire Magic     | |  2.1
Invocations    | |  3.6

Action                   |  1- 3 |  4- 6 |  7- 9 || total
-------------------------+-------+-------+-------++-------
Melee: War axe           |    21 |   123 |    94 ||   238
       Unarmed           |     8 |     5 |       ||    13
  Use: Potion            |       |       |     1 ||     1
 Stab: Sleeping          |     4 |     1 |     1 ||     6
  Eat: Chunk             |       |     1 |     2 ||     3
Armor: Leather armour    |       |    25 |       ||    25
       Ring mail         |       |     9 |    25 ||    34
       Troll leather     |       |       |     3 ||     3
Dodge: Dodged            |    12 |   101 |    92 ||   205
Block: Buckler           |       |    13 |    18 ||    31
